 Dungeon Crawl Stone Soup version 0.29-a0-322-g68df515428 (webtiles) character file.

Game seed: 17933614827794172630

1050 kae the Firebug (level 8, 0/46 HPs)
             Began as a Tengu Fire Elementalist on Apr 6, 2022.
             Slain by an orc warrior
             ... wielding a +0 trident
              (15 damage)
             ... on level 5 of the Dungeon.
             The game lasted 00:06:41 (7285 turns).

kae the Firebug (Tengu Fire Elementalist)           Turns: 7285, Time: 00:06:42

Health: 0/46       AC:  3    Str:  8    XL:     8   Next: 26%
Magic:  7/14       EV: 20    Int: 20    God:
Gold:   278        SH:  0    Dex: 15    Spells: 5/14 levels left

rFire   . . .      SeeInvis .   e - +5 whip of Ownet {protect, Int+2}
rCold   . . .      Faith    .   (no shield)
rNeg    . . .      Spirit   .   a - +0 robe
rPois   +          Reflect  .   (helmet restricted)
rElec   .          Harm     .   w - +0 cloak
rCorr   .          Rampage  .   (no gloves)
Will    .....                   (boots unavailable)
Stlth   ++........              (no amulet)
HPRegen 0.15/turn               d - +4 ring of evasion
MPRegen 0.14/turn               m - ring of poison resistance

@: flying quickly and evasively, quick
A: beak, talons 3, nimble flight
a: no special abilities


You were on level 5 of the Dungeon.
You visited 1 branch of the dungeon, and saw 5 of its levels.

You collected 278 gold pieces.

Inventory:

Hand Weapons
 e - the +5 whip of Ownet (weapon) {protect, Int+2}
   (You found it on level 2 of the Dungeon)

   It grants its wielder temporary protection when it strikes (+7 to AC).
   Int:       It affects your intelligence (+2).
 f - a +0 trident
 j - a +3 dagger of venom
Armour
 a - a +0 robe (worn)
 w - a +0 cloak (worn)
Magical Staves
 t - a staff of conjuration
Jewellery
 d - a +4 ring of evasion (left hand)
 m - a ring of poison resistance (right hand)
 p - a +6 ring of intelligence
 r - a ring of ice
Scrolls
 c - a scroll of fear
 g - a scroll of teleportation
 i - a scroll of noise
 l - 2 scrolls of amnesia
 n - a scroll of blinking
Potions
 b - a potion of magic
 h - 2 potions of haste
 k - 2 potions of mutation
 o - 2 potions of flight
 q - 3 potions of attraction {unknown}
 s - a potion of berserk rage {unknown}
 u - a potion of invisibility {unknown}
 v - a potion of curing


   Skills:
 + Level 3.0 Fighting
 + Level 1.5 Staves
 + Level 3.2 Armour
 + Level 4.3 Dodging
 - Level 2.0 Stealth
 + Level 3.6 Spellcasting
 + Level 4.6 Conjurations
 * Level 6.2 Fire Magic
 + Level 1.3 Evocations


You had 5 spell levels left.
You knew the following spells:

 Your Spells              Type           Power      Damage    Failure   Level
a - Foxfire               Conj/Fire      100%       2x1d9     1%          1
b - Scorch                Fire           56%        2d8       1%          2
c - Conjure Flame         Conj/Fire      25%        6-21      4%          3
d - Inner Flame           Hex/Fire       16%        N/A       11%         3

Your spell library contained the following spells:

 Spells                   Type           Power      Damage    Failure   Level
 Animate Skeleton         Necr           6%         N/A       14%         1
 Pain                     Necr           12%        1d4       14%         1
 Summon Small Mammal      Summ           12%        N/A       14%         1
 Flame Wave               Conj/Fire      25%        2d7       14%         4
 Stone Arrow              Conj/Erth      24%        3d8       16%         3
 Call Canine Familiar     Summ           3%         N/A       38%         3
 Summon Guardian Golem    Hex/Summ       3%         N/A       38%         3
 Vampiric Draining        Necr           3%         2d6       38%         3
 Animate Armour           Summ/Erth      6%         N/A       80%         4
 Olgreb's Toxic Radiance  Pois           3%         N/A       80%         4
 Ozocubu's Refrigeration  Ice            1%         4d5       100%        7
 Ignition                 Fire           14%        3d6       100%        8
 Lehudib's Crystal Spear  Conj/Erth      6%         10d3      100%        8


Dungeon Overview and Level Annotations

Branches:
Dungeon (5/15)
 Temple: D:4-7

Altars:
Elyvilon
Okawaru


Innate Abilities, Weirdness & Mutations

You have a beak for a mouth.
You have claws for feet.
Your magical nature lets you fly swiftly and evasively.


Message History

The orc wizard casts a spell.
The orc wizard flickers and vanishes!
You are confused.
You bump into the rock wall.
There is a stone staircase leading up here.
You fly upwards.
Reactivating autopickup.
There is a stone staircase leading down here.
You can't go up here!
You start resting.
You feel less confused.
You start resting.
Magic restored.
You fly downwards.
The orc misses you. The worm bites you! The orc closely misses you.
There is a stone staircase leading up here.
Casting: Foxfire (safe; 1% risk of failure)
Confirm with . or Enter, or press ? or * to list all spells.
Flames lash something.
You feel a bit more experienced. The orc misses you. The worm misses you.
The orc misses you.
Casting: Scorch (safe; 1% risk of failure)
Confirm with . or Enter, or press ? or * to list all spells.
Flames lash the orc.
The orc is almost dead.
The orc's fire resistance burns away.
The orc misses you. The worm bites you! The orc hits you with a +0 flail!
Casting: Scorch (safe; 1% risk of failure)
Confirm with . or Enter, or press ? or * to list all spells.
Flames lash the orc.
The orc is burned terribly!
You kill the orc!
The worm closely misses you. Something hits you.
Deactivating autopickup; reactivate with Ctrl-A.
Something hits you. The worm completely misses you.
Casting: Scorch (safe; 1% risk of failure)
Confirm with . or Enter, or press ? or * to list all spells.
Flames lash something.
Something hits you. Something hits you.
The orc warrior hits you from afar with a +0 trident!
You die...

##...... #.....
##...#
###....###..
##.#.#........#
#.......).....#
##..###o.........
#...###w{....###.
#.....@.....##
#....)#....#.#
###.....#..#...
#.##..#.....#. #.
##+###..## # .#..
#.#


You could see an orc warrior and a worm.

Vanquished Creatures
  Grinder (D:3)
  Eustachio (D:4)
  A black bear (D:4)
  A scorpion (D:3)
  An orc priest (D:3)
  A gnoll shaman (D:4)
  A hound (D:4)
  Crazy Yiuf (D:4)
  Jessica (D:3)
  An iguana (D:4)
  Natasha (thrice) (D:3)
  3 orc wizards
  10 gnolls (D:4)
  3 adders
  5 worms
  A dart slug (D:3)
  17 orcs
  4 ball pythons
  8 endoplasms
  4 giant cockroaches
  3 hobgoblins
  4 jackals (D:2)
  9 kobolds
  2 quokkas
  6 bats
  4 frilled lizards (D:1)
  8 goblins
  4 rats
108 creatures vanquished.

Vanquished Creatures (others)
  285 foxfires
285 creatures vanquished.

Grand Total: 393 creatures vanquished

Notes
Turn   | Place    | Note
-------+----------+-------------------------------------------
     0 | D:1      | kae the Tengu Fire Elementalist began the quest for the
                  | Orb.
     0 | D:1      | Reached XP level 1. HP: 10/10 MP: 4/4
   228 | D:1      | Reached XP level 2. HP: 15/15 MP: 4/6
   400 | D:1      | Found a faded altar of an unknown god.
   510 | D:1      | Learned a level 2 spell: Scorch
   945 | D:1      | Reached XP level 3. HP: 2/20 MP: 2/7
  1311 | D:2      | Identified the +5 whip of Ownet {protect, Int+2}
  1372 | D:2      | Found an iron altar of Okawaru.
  1832 | D:2      | Reached skill level 1 in Armour
  1832 | D:2      | Reached skill level 4 in Fire Magic
  1832 | D:2      | Reached XP level 4. HP: 24/24 MP: 2/8
  2585 | D:3      | Reached skill level 1 in Fighting
  2909 | D:3      | Noticed a scorpion
  2924 | D:3      | Killed a scorpion
  2925 | D:3      | Gained mutation: Your magical nature lets you fly swiftly
                  | and evasively. [Tengu growth]
  2925 | D:3      | Reached XP level 5. HP: 16/29 MP: 2/9
  3178 | D:3      | Noticed Natasha
  3253 | D:3      | Killed Natasha
  3415 | D:3      | Noticed Natasha
  3424 | D:3      | Killed Natasha
  3425 | D:3      | Reached XP level 6. HP: 19/34 MP: 2/11
  3563 | D:3      | Noticed Grinder
  3574 | D:3      | Killed Grinder
  3575 | D:3      | Reached skill level 5 in Fire Magic
  3668 | D:3      | Reached XP level 7. HP: 40/40 MP: 10/12
  3699 | D:3      | Noticed Jessica
  3702 | D:3      | Killed Jessica
  4123 | D:3      | Noticed Natasha
  4131 | D:3      | Killed Natasha
  5028 | D:4      | Found a white marble altar of Elyvilon.
  5496 | D:4      | Learned a level 3 spell: Conjure Flame
  5500 | D:4      | Learned a level 3 spell: Inner Flame
  5546 | D:4      | Noticed Eustachio
  6144 | D:4      | Reached skill level 1 in Staves
  6144 | D:4      | Reached skill level 6 in Fire Magic
  6229 | D:4      | Reached skill level 1 in Evocations
  6448 | D:4      | Killed Eustachio
  6449 | D:4      | Reached XP level 8. HP: 14/45 MP: 2/14
  6815 | D:4      | Found a runed translucent door.
  6816 | D:4      | Noticed Crazy Yiuf
  7110 | D:4      | Killed Crazy Yiuf
  7248 | D:5      | Entered Level 5 of the Dungeon
  7285 | D:5      | Slain by an orc warrior

Illustrated notes

Levels and vault maps discovered:
D:1:      lightli_arrival_boilingwater, layout_loops_ring,
          ebering_ecumenical_altar_box, minmay_nonomino_d4
D:2:      layout_basic, basic_altar
D:3:      layout_loops_corners, due_unseen_surprise, uniq_natasha, uniq_grinder,
          uniq_jessica
D:4:      layout_basic, overflow_temple_1_default, abandoned_shop,
          corexii_item_surrounded_by_moat, uniq_eustachio,
          uniq_crazy_yiuf_cottage
D:5:      layout_cave_pools, minmay_temple_entry_hall, gammafunk_ghost_smash

Skill      XL: |  1  2  3  4  5  6  7  8 |
---------------+-------------------------+-----
Conjurations   | 2 3 4 |  4.6
Armour         | 1 2 3 |  3.2
Fire Magic     | 4 5 6 |  6.2
Fighting       | 1 2 3 |  3.0
Dodging        | 3 4 |  4.3
Spellcasting   | 3 |  3.6
Staves         | 1 |  1.5
Evocations     | 1 |  1.3
Stealth        | |  2.0

Action                   |  1- 3 |  4- 6 |  7- 9 || total
-------------------------+-------+-------+-------++-------
Melee: Trident           |    27 |       |       ||    27
       Kick              |     8 |     2 |    19 ||    29
       Peck              |     3 |     4 |     9 ||    16
       Whip              |    18 |    19 |    59 ||    96
 Cast: Foxfire           |    35 |    28 |   106 ||   169
       Scorch            |     3 |    17 |    43 ||    63
       Conjure Flame     |       |       |     2 ||     2
  Use: Scroll            |     1 |     8 |     2 ||    11
       Potion            |     1 |     2 |     1 ||     4
 Stab: Sleeping          |       |       |     1 ||     1
Armor: Robe              |    17 |     3 |    11 ||    31
Dodge: Dodged            |    90 |    35 |   177 ||   302

Table legend: (Time is in decaauts)
 A = Elapsed time spent in this place.
 B = Non-inter-level travel time spent in this place.
 C = Inter-level travel time spent in this place.
 D = Time resting spent in this place.
 E = Time spent auto-exploring this place.
 F = Levels seen in this place.
 G = Mean time per level.
                   A        B        C        D        E       F      G
               +--------+--------+--------+--------+--------+-----+--------+
         Total |   7084 |   6793 |    291 |    374 |   5314 |   5 | 1416.8 |
       Dungeon |   7084 |   6793 |    291 |    374 |   5314 |   5 | 1416.8 |
               +--------+--------+--------+--------+--------+-----+--------+

Top non-repeatable levels by time:
     D:4: 2444 daAuts
     D:3: 2052 daAuts
     D:2: 1393 daAuts
     D:1: 1167 daAuts
     D:5: 27 daAuts
